 Dungeon Crawl Stone Soup version 0.17.1-1-g73c8601 (console) character file.

331 Kloppie the Skirmisher (level 6, -2/41 HPs)
             Began as a Gargoyle Berserker on Dec 18, 2015.
             Was a Believer of Trog.
             Slain by a killer bee (5 damage)
             ... on level 4 of the Dungeon.
             The game lasted 00:04:01 (2560 turns).

Kloppie the Skirmisher (Gargoyle Berserker)         Turns: 2560, Time: 00:04:01

Health: -2/41      AC:  6    Str: 22    XL:     6   Next: 52%
Magic:  6/6        EV: 13    Int:  8    God:    Trog [**....]
Gold:   181        SH:  0    Dex:  9    Spells: 0 memorised, 5 levels left

rFire  . . .     SeeInvis .     a - +0 mace
rCold  . . .     Clarity  .     b - +0 animal skin
rNeg   + . .     SustAt   .     (no shield)
rPois  ∞         Gourm    .     (no helmet)
rElec  +         Spirit   .     (no cloak)
rCorr  .         Warding  .     (no gloves)
rMut   .         Stasis   +     (no boots)
MR     ++...                    j - amulet of stasis
Stlth  +.........               (no ring)
                                n - +1 ring of evasion

@: regenerating, very resistant to hostile enchantments, very unstealthy
A: negative energy resistance 1, electricity resistance, unbreathing,
petrification resistance, rot immunity, AC +4
a: Berserk, Trog's Hand, Burn Spellbooks, Renounce Religion


You were on level 4 of the Dungeon.
You worshipped Trog.
Trog was pleased with you.
You were not hungry.

You visited 1 branch of the dungeon, and saw 4 of its levels.

You collected 181 gold pieces.

Inventory:

Hand Weapons
 a - a +0 mace (weapon)
Armour
 b - a +0 animal skin (worn)
Jewellery
 j - an amulet of stasis (around neck)
 n - a +1 ring of evasion (left hand)
Scrolls
 d - 3 scrolls of identify {unknown}
 e - a scroll of teleportation {unknown}
 g - a scroll of enchant weapon {unknown}
 h - 4 scrolls of remove curse {unknown}
 l - 2 scrolls of random uselessness {unknown}
 o - a scroll of blinking {unknown}
Potions
 f - 3 potions of curing
 i - a potion of mutation {unknown}
 m - 2 potions of might {unknown}
Comestibles
 c - 2 bread rations
 k - a fruit
 p - 2 chunks of flesh


   Skills:
 + Level 5.9 Fighting
 + Level 5.4 Maces & Flails
 - Level 2.1 Armour
 - Level 1.5 Dodging


You had 5 spell levels left.
You didn't know any spells.

Dungeon Overview and Level Annotations

Branches:
Dungeon (4/15)
 Temple: D:4-7

Altars:
Dithmenos
Gozag
Sif Muna
The Shining One


Innate Abilities, Weirdness & Mutations

You are resistant to torment.
Your stone body is resilient (AC +4).
You are immune to poison.
You resist negative energy.
You are resistant to electric shocks.
You can survive without breathing.
You are immune to petrification.
You are immune to rotting.


Message History

The killer bee completely misses you. The killer bee stings you.
* * * LOW HITPOINT WARNING * * *
The killer bee completely misses you. The killer bee barely misses you.
The killer bee closely misses you.
Drink which item? (? for menu, Esc to quit)
It was a potion of curing.
You feel better.
The killer bee stings you but does no damage. x2
The killer bee barely misses you. x2
The two-headed ogre closely misses you. x2
The killer bee barely misses you. The killer bee closely misses you.
You hit the two-headed ogre.
The two-headed ogre is lightly wounded.
The killer bee barely misses you. The killer bee completely misses you.
The killer bee misses you. The killer bee barely misses you.
The killer bee stings you but does no damage.
The two-headed ogre closely misses you.
The two-headed ogre hits you with a giant club!
* * * LOW HITPOINT WARNING * * *
The killer bee stings you.
You die...

.............#
.............#
.............#
.............#
............########
#####..###..##.....##
#..###.y##......#
....#..yy#...>...# #
.....#..y@#.......# #
.... #...O#.......# #
#....'.......# #
#######.##..## #
..######..## #
...........# #
...........# #
.........<.# #
..............# #


You could see a two-headed ogre and 4 killer bees.

Vanquished Creatures
  Sigmund (D:2)
  3 worker ants (D:4)
  A giant frog skeleton (D:4)
  3 adders
  An ooze (D:3)
  2 giant geckos
  An orc (D:3)
  A ball python (D:3)
  2 giant cockroaches
  2 goblins
  7 hobgoblins
  8 bats
  2 jackals (D:3)
  6 kobolds
  11 rats
51 creatures vanquished.

Notes
Turn   | Place    | Note
--------------------------------------------------------------
     0 | D:1      | Kloppie the Gargoyle Berserker began the quest for the Orb.
     0 | D:1      | Reached XP level 1. HP: 14/14 MP: 1/1
   316 | D:1      | Reached XP level 2. HP: 19/19 MP: 2/2
   990 | D:2      | Reached XP level 3. HP: 24/24 MP: 3/3
  1001 | D:2      | Reached ** piety under Trog
  1001 | D:2      | Reached skill level 4 in Fighting
  1245 | D:2      | Noticed Sigmund
  1260 | D:2      | Killed Sigmund
  1260 | D:2      | Reached skill level 5 in Fighting
  1260 | D:2      | Reached XP level 4. HP: 31/31 MP: 4/4
  1260 | D:2      | Reached XP level 5. HP: 35/35 MP: 5/5
  1549 | D:3      | Found a glowing golden altar of the Shining One.
  1720 | D:3      | Found a deep blue altar of Sif Muna.
  1762 | D:3      | Found a shadowy altar of Dithmenos.
  1777 | D:3      | Reached skill level 5 in Maces & Flails
  1974 | D:3      | Reached XP level 6. HP: 40/40 MP: 6/6
  2223 | D:4      | Found an opulent altar of Gozag.
  2558 | D:4      | Noticed a two-headed ogre
  2560 | D:4      | Slain by a killer bee

Action                   |  1- 3 |  4- 6 || total
-------------------------+-------+-------++-------
Melee: Mace              |    89 |    90 ||   179
Invok: Trog's Hand       |     1 |     1 ||     2
       Berserk           |     1 |       ||     1
  Use: Potion            |       |     1 ||     1
 Stab: Sleeping          |       |     1 ||     1
  Eat: Bread ration      |     1 |       ||     1
       Chunk             |       |     2 ||     2
